 Dungeon Crawl Stone Soup version 0.28-a0-563-gf77a47075d (webtiles) character file.

Game seed: 9436295272088483945

253226 siradein the Spry (level 19, -3/177 HPs)
             Began as a Minotaur Berserker on Sept 29, 2021.
             Was the Champion of Trog.
             Killed from afar by Mara (illusionary) (44 damage)
             ... with a bolt of fire
             ... on level 3 of the Spider Nest.
             The game lasted 02:08:09 (47335 turns).

siradein the Spry (Minotaur Berserker)             Turns: 47335, Time: 02:08:10

Health: -3/177     AC: 51    Str: 33    XL:     19   Next: 37%
Magic:  18/18      EV: 19    Int:  6    God:    Trog [******]
Gold:   2199       SH:  0    Dex: 23    Spells: 18/18 levels left

rFire   . . .      SeeInvis .   u - +8 great mace (protect)
rCold   . . .      Faith    +   (shield currently unavailable)
rNeg    + + .      Spirit   .   S - +7 crystal plate armour
rPois   +          Reflect  .   Y - +1 hat "Rotemo" {Str+6 Dex+3}
rElec   +          Harm     .   F - +2 cloak
rCorr   +          Rampage  .   W - +2 pair of gloves {Stlth+}
Will    +....                   A - +2 pair of boots
Stlth   ..........              d - amulet of Locyunle {Faith Will- Regen+ rCorr}
HPRegen 2.39/turn               Q - ring of Evvaqoh {rElec rN+ Will- Str+6 Int+2 Stlth+}
MPRegen 0.16/turn               o - ring of Lemmezoh {rPois rN+ Str-5 Dex+6 Stlth+}

@: lethally poisoned (-3 -> -4), about to teleport, strong-willed, under a
protective aura, regenerating, studying Dodging
A: horns 2, retaliatory headbutt
}: 1/15 runes: decaying
a: Renounce Religion, Berserk, Trog's Hand, Brothers in Arms


You were on level 3 of the Spider Nest.
You worshipped Trog.
Trog was exalted by your worship.
You visited 5 branches of the dungeon, and saw 30 of its levels.
You also visited: Trove, Ossuary, Bailey and Gauntlet.

You collected 3231 gold pieces.
You spent 1032 gold pieces at shops.

Inventory:

Hand Weapons
 u - a +8 great mace of protection (weapon)
 K - a +5 vorpal great mace
Missiles
 a - 4 throwing nets
 n - 91 boomerangs (quivered)
 v - 6 silver javelins
 N - 11 javelins
Armour
 m - a +1 hat of see invisible
 A - a +2 pair of boots (worn)
 F - a +2 cloak (worn)
 S - a +7 crystal plate armour (worn)
 W - a +2 pair of gloves of stealth (worn)
 Y - the +1 hat "Rotemo" (worn) {Str+6 Dex+3}
   (You found it on level 15 of the Dungeon)

   Str:       It affects your strength (+6).
   Dex:       It affects your dexterity (+3).
Jewellery
 c - the ring of Ynulukhle {Ice Contam rElec Int+4 Dex+4}
   (You found it on level 13 of the Dungeon)

   [ring of ice]

   It enhances your ice magic.
   Int:       It affects your intelligence (+4).
   Dex:       It affects your dexterity (+4).
   rF:        It makes you vulnerable to fire.
   rC:        It protects you from cold.
   rElec:     It insulates you from electricity.
   Contam:    It causes magical contamination when unequipped.
 d - the amulet of Locyunle (around neck) {Faith Will- Regen+ rCorr}
   (You found it in a treasure trove)

   [amulet of faith]

   It allows you to gain divine favour quickly.
   Regen:     It increases your rate of health regeneration.
   rCorr:     It protects you from acid and corrosion.
   Will:      It decreases your willpower.
 o - the ring of Lemmezoh (right hand) {rPois rN+ Str-5 Dex+6 Stlth+}
   (You found it in a treasure trove)

   [ring of positive energy]

   Str:       It affects your strength (-5).
   Dex:       It affects your dexterity (+6).
   rPois:     It protects you from poison.
   rN:        It protects you from negative energy.
   Stlth:     It makes you more stealthy.
 E - the ring of Yendor {rC++ MP+9}
   (You found it in a treasure trove)

   [ring of magical power]

   rC:        It greatly protects you from cold.
   MP:        It affects your magic capacity (+9).
 I - a ring of flight
 Q - the ring of Evvaqoh (left hand) {rElec rN+ Will- Str+6 Int+2 Stlth+}
   (You found it in a Gauntlet)

   [ring of strength]

   Str:       It affects your strength (+6).
   Int:       It affects your intelligence (+2).
   rElec:     It insulates you from electricity.
   rN:        It protects you from negative energy.
   Will:      It decreases your willpower.
   Stlth:     It makes you more stealthy.
 R - a +4 ring of protection
 T - the ring of Jiarou {rF+ Int+6}
   (You found it in a treasure trove)

   [ring of intelligence]

   Int:       It affects your intelligence (+6).
   rF:        It protects you from fire.
 X - the ring "Jutecen" {rF+ rN+ Will+ Int-4 Slay+3}
   (You took it off a minotaur in a Gauntlet)

   [ring of willpower]

   Int:       It affects your intelligence (-4).
   Slay:      It affects your accuracy & damage with ranged weapons and melee
   (+3).
   rF:        It protects you from fire.
   rN:        It protects you from negative energy.
   Will:      It increases your willpower.
Wands
 e - a wand of polymorph (13)
 l - a wand of flame (166)
 p - a wand of charming (16)
 L - a wand of mindburst (36)
 M - a wand of acid (34)
 U - a wand of paralysis (9)
 V - a wand of digging (7)
Scrolls
 f - a scroll of identify
 h - 7 scrolls of fear
 j - 14 scrolls of teleportation
 k - 3 scrolls of fog
 s - 7 scrolls of immolation
 t - 8 scrolls of summoning
 w - 4 scrolls of silence
 C - a scroll of magic mapping
 P - 4 scrolls of blinking
Potions
 b - 4 potions of ambrosia
 g - 9 potions of might
 i - 10 potions of heal wounds
 q - 12 potions of curing
 r - 3 potions of berserk rage
 z - 5 potions of haste
 B - 7 potions of flight
 D - 3 potions of mutation
 G - 7 potions of invisibility
 H - 5 potions of magic
 J - 2 potions of cancellation
Miscellaneous
 x - a phantom mirror
 y - a lightning rod (4/4)
 O - a tin of tremorstones (2/2)
 Z - a phial of floods


   Skills:
 + Level 17.5 Fighting
 + Level 16.7 Maces & Flails
 + Level 14.6 Throwing
 + Level 17.4 Armour
 + Level 18.1 Dodging
 + Level 11.9 Evocations


You had 18 spell levels left.
You didn't know any spells.
Your spell library was empty.

Dungeon Overview and Level Annotations

Branches:
Dungeon (15/15)            Temple (0/1) D:6            Lair (6/6) D:11
  Swamp (4/4) Lair:4       Spider (3/4) Lair:2        Slime (0/5) Lair:6
    Orc (2/2) D:10            Elf (0/3) Orc:2        Vaults (0/5) D:14
 Depths (0/4) D:15        Ossuary (visited)          Bailey (visited)
Gauntlet (visited)

Altars:
Gozag
Qazlal
Uskayaw
Wu Jian
Beogh

Shops:
D:7 *   Orc:1 :   Orc:2 [[[?

Annotations:
Spider:3 Mara


Innate Abilities, Weirdness & Mutations

You have a pair of horns on your head.
You reflexively headbutt those who attack you in melee.


Message History

Mara misses you. Mara barely misses you.
Unknown command.
You bludgeon Mara!!
Mara is almost dead.
Siradein's illusion closely misses you. You furiously retaliate!
You headbutt siradein's illusion, but do no damage.
Mara blinks!
Mara barely misses you.
Mara blinks!
Unknown command.
You closely miss Mara. Your headbutt misses Mara.
Mara is almost dead.
You feel sick. Siradein's illusion hits you!
Mara blinks! x2
Unknown command.
You hit Mara but do no damage. Your headbutt misses Mara.
Mara is heavily wounded.
You feel sick. Mara hits you but does no damage.
Siradein's illusion closely misses you. You furiously retaliate!
You headbutt siradein's illusion, but do no damage.
Unknown command.
You hit Mara.
Mara is heavily wounded.
You feel sick.
You are no longer poisoned.
Mara hits you with a +1 demon trident of venom!
You are poisoned.
Siradein's illusion hits you!!
* * * LOW HITPOINT WARNING * * *
You feel very sick.
Mara blinks!
As you read the scroll of teleportation, it crumbles to dust.
You feel strangely unstable.
You feel very sick.
Mara blinks!
A wolf spider comes into view.
Siradein's illusion hits you but does no damage.
You feel sick.
Mara blinks!
You feel sick.
A spark wasp comes into view.
Mara gestures at you. The bolt of fire hits you!!!
You die...

.. ... .#... #...#### .# ^[.
..... #y#....# #..^##
....##..# #.#....##...#.
###...#...###.s....#.#...##
..........#.......#......#..
#..##.............#.....#..
#...#.......R.@...#.......#
###...............@.#.......#
......^..###..........R..(..#
#...#^..## #.#..###.........#
#...##...# #.#### #....##...#
#........# ### #.........#
#..####..# #...####... #...#
#..# .# #...# # ...####..#.#
.....#


You could see 2 Maras, a spark wasp (wandering), a wolf spider and siradein's
illusion (very poisoned).

Vanquished Creatures
  A tentacled monstrosity (Swamp:2)
  Agnes (D:14)
  Kirke (D:15)
  Gastronok (D:8)
  The ghost of rogsnak the Thaumaturge, an adept GnWz of Gozag (Swamp:2)
  A fenstrider witch (Swamp:4)
  An orc warlord (Orc:2)
  4 emperor scorpions (Spider:1)
  The ghost of Aviun the Unseen, an adept SpEn of Kikubaaqudgha (Spider:2)
  Louise (D:14)
  2 ghouls (Swamp:2)
  A very ugly thing (D:14)
  Nessos (D:12)
  A spark wasp (Spider:2)
  An entropy weaver (Spider:2)
  3 bunyips
  The ghost of friend the Fighter, a journeyman OgHu of Okawaru (Lair:1)
  A minotaur (Gauntlet)
  A quicksilver dragon zombie (D:15)
  The ghost of Sapheram the Carver, a journeyman DsGl of Okawaru (D:15)
  3 eleionomae
  3 fire dragons
  Fannar (D:12)
  A shambling mangrove (Swamp:3)
  3 vault guards (D:14)
  25 hydras
  5 boulder beetles
  A spriggan air mage (Swamp:2)
  6 centaur warriors
  2 ghost crabs (Swamp:2)
  A catoblepas (Lair:4)
  6 alligators
  4 ogre magi (Orc:2)
  A death knight (D:12)
  15 two-headed ogres
  6 death yaks
  3 tengu warriors (D:15)
  9 slime creatures
  2 vampire magi
  A hell hog (Gauntlet)
  An orc high priest (Orc:1)
  A storm dragon zombie (D:15)
  Urug (D:10)
  Nergalle (D:9)
  A spark wasp zombie (D:15)
  5 skeletal warriors
  3 spriggan druids (Swamp:3)
  2 spectral spriggans (Swamp:2)
  8 goliath frogs
  A phantasmal warrior (D:12)
  2 flayed ghosts (D:15)
  10 swamp dragons
  5 bog bodies
  A wizard (D:14)
  A deep elf archer (D:15)
  A necromancer (D:15)
  3 lindwurms
  An orc knight (Bailey)
  4 deep elf pyromancers
  8 orb spiders
  2 manticores
  An orc sorcerer (Orc:1)
  3 oklob plants
  6 cyclopes
  25 wolf spiders
  A fire giant zombie (D:15)
  3 elephants (Lair:6)
  21 ugly things
  A black mamba (shapeshifter) (D:14)
  4 will-o-the-wisps
  Joseph (D:8)
  3 moths of wrath
  An elephant (shapeshifter) (D:13)
  A black mamba (Lair:6)
  2 torpor snails
  2 unseen horrors
  Maggie (D:10)
  2 kobold demonologists (D:12)
  A rime drake (Lair:1)
  A minotaur zombie (Gauntlet)
  16 cane toads
  2 tengu conjurers
  A freezing wraith (D:14)
  An unseen horror (shapeshifter) (D:13)
  3 demonic crawlers
  13 komodo dragons
  5 hornets
  3 bloated husks
  A meliai (shapeshifter) (D:15)
  3 meliai (D:13)
  6 trolls
  23 jumping spiders
  14 tyrant leeches
  Prince Ribbit (D:8)
  37 blink frogs
  46 redbacks
  45 tarantellas
  A centaur simulacrum (Gauntlet)
  59 yaks
  5 spriggans
  4 wraiths
  A shadow (D:11)
  5 wyverns
  6 steam dragons (Swamp:4)
  4 basilisks
  3 fire bats (Gauntlet)
  8 humans (D:14)
  18 vampire mosquitoes
  7 swamp worms
  2 harpy simulacra
  2 wargs
  2 acid dragons
  12 water moccasins
  A hell hound (Gauntlet)
  2 hydra simulacra
  A meliai simulacrum (Gauntlet)
  20 orc warriors
  8 swamp drakes
  An ice beast (D:7)
  A boggart (D:15)
  26 ogres
  9 wolves (Lair:6)
  6 centaurs
  2 phantoms
  A kobold brigand (D:11)
  32 scorpions
  22 bullfrogs
  2 gnoll sergeants (D:11)
  A water moccasin zombie (D:5)
  A wyvern skeleton (D:6)
  25 wights
  An electric eel (Spider:2)
  6 howler monkeys
  A lava snake (Swamp:4)
  4 centaur zombies
  A bullfrog zombie (D:5)
  2 hounds (D:5)
  Crazy Yiuf (D:2)
  16 orc priests
  A bullfrog skeleton (D:5)
  3 iguanas
  A scorpion zombie (D:5)
  Ijyb (D:5)
  16 orc wizards
  2 killer bee zombies
  A mummy (D:8)
  2 howler monkey zombies
  Robin (D:3)
  28 gnolls
  3 adders
  An adder skeleton (D:4)
  3 dart slugs (D:1)
  83 orcs
  4 bats
  8 endoplasms
  6 giant cockroaches
  17 goblins
  24 hobgoblins
  3 jackals (D:3)
  8 ball pythons
  A ball python skeleton (Ossuary)
  A frilled lizard (D:1)
  A hobgoblin zombie (Ossuary)
  15 kobolds
  A kobold zombie (Ossuary)
  2 orc skeletons (Ossuary)
  4 orc zombies (Ossuary)
  6 rats
1065 creatures vanquished.

Vanquished Creatures (collateral kills)
  A centaur warrior (D:15)
  An orc knight (D:15)
  A cyclops (D:15)
3 creatures vanquished.

Vanquished Creatures (others)
  The ghost of Kystohoc the Thaumaturge, a journeyman GnFE of Vehumet (Swamp:4)
  A death drake (Swamp:4)
  A wizard (Swamp:2)
  5 bloated husks
  A tyrant leech (Swamp:2)
  A hornet (Swamp:1)
  A spriggan (Swamp:1)
  2 humans
  A spriggan simulacrum (Swamp:2)
  A swamp drake (Swamp:4)
  5 ball lightnings (Swamp:4)
  A bush (Lair:4)
  A demonic plant (Gauntlet)
  2 foxfires (Swamp:1)
  26 fungi
  141 plants
  10 withered plants
201 creatures vanquished.

Grand Total: 1269 creatures vanquished

Notes
Turn   | Place    | Note
-------+----------+-------------------------------------------
     0 | D:1      | siradein the Minotaur Berserker began the quest for the
                  | Orb.
     0 | D:1      | Reached XP level 1. HP: 19/19 MP: 0/0
   166 | D:1      | Reached XP level 2. HP: 27/27 MP: 1/1
   341 | D:1      | Found a faded altar of an unknown god.
   489 | D:1      | Reached skill level 1 in Throwing
   667 | D:1      | Reached XP level 3. HP: 24/33 MP: 2/2
   669 | D:1      | Reached ** piety under Trog
  1784 | D:2      | Reached XP level 4. HP: 40/40 MP: 3/3
  1865 | D:2      | Found a runed translucent door.
  1866 | D:2      | Noticed Crazy Yiuf
  2194 | D:3      | Noticed Robin
  2202 | D:3      | Killed Robin
  2203 | D:3      | Reached skill level 3 in Dodging
  2433 | D:3      | You fall into a shaft and drop 3 floors!
  2625 | D:5      | Entered Level 5 of the Dungeon
  2635 | D:5      | Noticed Ijyb
  2652 | D:5      | Killed Ijyb
  2653 | D:5      | Reached XP level 5. HP: 33/47 MP: 4/4
  3712 | D:4      | Noticed an ogre
  3730 | D:3      | Killed an ogre
  3731 | D:3      | Reached XP level 6. HP: 55/55 MP: 5/5
  3784 | D:3      | Reached skill level 5 in Fighting
  3784 | D:3      | Reached skill level 5 in Maces & Flails
  4217 | D:4      | You fall into a shaft and drop 3 floors!
  4220 | D:7      | Reached *** piety under Trog
  4221 | D:7      | Reached skill level 4 in Dodging
  4230 | D:7      | Found an opulent altar of Gozag.
  4239 | D:7      | Reached XP level 7. HP: 46/61 MP: 6/6
  4496 | D:7      | Reached skill level 5 in Armour
  5363 | D:4      | Reached skill level 5 in Dodging
  5363 | D:4      | Reached XP level 8. HP: 42/67 MP: 7/7
  6489 | D:6      | Found a staircase to the Ecumenical Temple.
  7033 | D:7      | Reached skill level 6 in Dodging
  7082 | D:7      | Reached skill level 5 in Throwing
  7214 | D:7      | Reached XP level 9. HP: 64/79 MP: 8/8
  7504 | D:7      | Reached **** piety under Trog
  7561 | D:7      | Found Konowin's Assorted Antiques.
  7704 | D:8      | Noticed Prince Ribbit
  7717 | D:8      | Killed Prince Ribbit
  7849 | D:8      | Found a sand-covered staircase.
  7862 | Ossuary  | Entered an ossuary
  8037 | Ossuary  | Reached skill level 7 in Dodging
  8250 | D:8      | Noticed Gastronok
  8269 | D:8      | Killed Gastronok
  8270 | D:8      | Reached XP level 10. HP: 90/90 MP: 9/9
  8435 | D:8      | Noticed a two-headed ogre
  8444 | D:8      | Killed a two-headed ogre
  8735 | D:8      | Noticed Joseph
  8745 | D:8      | Killed Joseph
  8746 | D:8      | Reached skill level 8 in Dodging
  9588 | D:9      | Noticed a manticore
  9603 | D:9      | Killed a manticore
  9738 | D:9      | Identified the +2 chain mail of Decompression {*Slow rPois
                  | Dex+3}
  9875 | D:10     | Entered Level 10 of the Dungeon
  9935 | D:10     | Reached skill level 1 in Evocations
  9949 | D:10     | Reached ***** piety under Trog
 10001 | D:10     | Reached XP level 11. HP: 47/99 MP: 10/10
 10065 | D:10     | Reached skill level 10 in Maces & Flails
 10104 | D:10     | Noticed Maggie
 10115 | D:10     | Killed Maggie
 10164 | D:10     | Found a flagged portal.
 10178 | Bailey   | Entered a bailey
 10231 | Bailey   | Reached skill level 10 in Fighting
 10261 | Bailey   | Noticed an orc knight
 10279 | Bailey   | Received a gift from Trog
 10325 | Bailey   | Killed an orc knight
 10731 | D:10     | Reached skill level 9 in Dodging
 11084 | D:10     | Noticed a boulder beetle
 11094 | D:10     | Killed a boulder beetle
 11095 | D:10     | Reached skill level 10 in Armour
 11241 | D:10     | Noticed Nergalle
 11314 | D:9      | Killed Nergalle
 11581 | D:10     | Found a staircase to the Orcish Mines.
 11671 | D:10     | Noticed Urug
 11684 | D:10     | Killed Urug
 11886 | D:11     | Noticed a boulder beetle
 11903 | D:11     | Killed a boulder beetle
 12272 | D:11     | Reached XP level 12. HP: 108/108 MP: 11/11
 12323 | D:11     | Found a staircase to the Lair.
 13563 | Lair:1   | Entered Level 1 of the Lair of Beasts
 13563 | Lair:1   | Found a runed translucent gate.
 13563 | Lair:1   | Found a runed translucent gate.
 13564 | Lair:1   | Found a runed translucent gate.
 13564 | Lair:1   | Noticed a seven-headed hydra
 13564 | Lair:1   | Noticed friend's ghost (journeyman OgHu)
 13769 | D:2      | Killed Crazy Yiuf
 13945 | Lair:1   | You fall into a shaft and drop 1 floor!
 14416 | Lair:1   | Reached skill level 10 in Dodging
 15143 | Lair:2   | Noticed an eight-headed hydra
 15148 | Lair:2   | Noticed an eight-headed hydra
 15171 | Lair:1   | Killed an eight-headed hydra
 15241 | Lair:2   | Killed an eight-headed hydra
 15475 | Lair:2   | Noticed a five-headed hydra
 15479 | Lair:2   | Killed a five-headed hydra
 15480 | Lair:2   | Reached skill level 5 in Evocations
 15567 | Lair:2   | Noticed a boulder beetle
 15571 | Lair:2   | Found a hide-covered altar of Uskayaw.
 15571 | Lair:2   | Found an ornate altar of the Wu Jian Council.
 15594 | Lair:2   | Killed a boulder beetle
 16238 | Lair:2   | Found a hole to the Spider Nest.
 16596 | Lair:3   | Found a stormy altar of Qazlal.
 16631 | Lair:3   | Noticed a seven-headed hydra
 16661 | Lair:2   | Killed a seven-headed hydra
 17227 | Lair:3   | Reached XP level 13. HP: 97/118 MP: 12/12
 18217 | Lair:3   | Received a gift from Trog
 18393 | Lair:4   | Reached skill level 11 in Dodging
 18394 | Lair:4   | Reached skill level 10 in Throwing
 18749 | Lair:4   | Found a staircase to the Swamp.
 20729 | Lair:6   | Entered Level 6 of the Lair of Beasts
 21210 | Lair:6   | Reached XP level 14. HP: 121/129 MP: 4/13
 21349 | Lair:6   | Found a staircase to the Slime Pits.
 21818 | Lair:6   | Reached skill level 12 in Dodging
 22302 | Lair:6   | Received a gift from Trog
 23429 | Orc:1    | Entered Level 1 of the Orcish Mines
 24008 | Orc:1    | Found Ruirap's Book Shop.
 24448 | Orc:2    | Entered Level 2 of the Orcish Mines
 24832 | Lair:1   | Killed friend's ghost
 25351 | Orc:2    | Found a staircase to the Elven Halls.
 25483 | Orc:1    | Noticed an orc warlord
 26443 | Orc:2    | Found Udos's Armour Emporium.
 26444 | Orc:2    | Found Inladoeg's Magic Scroll Shop.
 26444 | Orc:2    | Found Zokhyenu's Antique Armour Emporium.
 26444 | Orc:2    | Found Jeuliot's Antique Armour Boutique.
 26458 | Orc:2    | Bought a scroll of enchant armour for 82 gold pieces
 26458 | Orc:2    | Bought a scroll of identify for 22 gold pieces
 26458 | Orc:2    | Bought a scroll of immolation for 38 gold pieces
 26458 | Orc:2    | Bought a scroll of silence for 82 gold pieces
 26458 | Orc:2    | Bought a scroll of blinking for 82 gold pieces
 26458 | Orc:2    | Bought a scroll of identify for 22 gold pieces
 26461 | Orc:2    | Reached skill level 13 in Dodging
 26461 | Orc:2    | Reached XP level 15. HP: 139/139 MP: 4/14
 26462 | Orc:2    | Reached XP level 16. HP: 147/147 MP: 5/15
 26464 | Orc:2    | Bought a +2 cloak for 198 gold pieces
 26477 | Orc:2    | Bought a pair of embroidered boots for 210 gold pieces
 26806 | Orc:2    | Reached XP level 17. HP: 127/154 MP: 5/16
 28570 | D:12     | Noticed Fannar
 28594 | D:12     | Killed Fannar
 28879 | D:12     | Received a gift from Trog
 29118 | D:12     | Noticed Nessos
 29131 | D:12     | Killed Nessos
 29813 | D:13     | Reached skill level 15 in Fighting
 29852 | D:13     | Identified the ring of Ynulukhle {Ice Contam rElec Int+4
                  | Dex+4}
 29903 | D:13     | Identified a scroll of acquirement
 29904 | D:13     | Acquired a manual of Dodging
 30407 | D:13     | Reached skill level 15 in Armour
 30650 | D:14     | Noticed Agnes
 30659 | D:14     | Found a frozen archway.
 30684 | D:14     | HP: 8/234 [white ugly thing (18)]
 30697 | D:13     | Reached skill level 14 in Dodging
 30804 | D:14     | Received a gift from Trog
 30822 | D:14     | Found a gate leading to a gauntlet.
 30828 | Gauntlet | Entered a Gauntlet
 30828 | Gauntlet | Found a transporter.
 31143 | Gauntlet | Found a transporter.
 31146 | Gauntlet | Found a transporter.
 31149 | Gauntlet | Found a transporter.
 31149 | Gauntlet | Found a transporter.
 31151 | Gauntlet | Found a transporter.
 31159 | Gauntlet | Found a transporter.
 31166 | Gauntlet | Found a transporter.
 31187 | Gauntlet | Found a transporter.
 31204 | Gauntlet | Found a transporter.
 31208 | Gauntlet | Found a transporter.
 31216 | Gauntlet | Found a transporter.
 31275 | Gauntlet | Identified the ring of Evvaqoh {rElec rN+ Will- Str+6 Int+2
                  | Stlth+}
 31335 | Gauntlet | Identified the ring "Jutecen" {rF+ rN+ Will+ Int-4 Slay+3}
 31972 | D:14     | Noticed Louise
 31987 | D:14     | Killed Louise
 32431 | D:14     | Found a gate to the Vaults.
 32827 | D:15     | Entered Level 15 of the Dungeon
 32898 | D:15     | Found a portal to a secret trove of treasure.
 32967 | D:15     | Noticed Kirke
 32975 | D:15     | Killed Kirke
 33295 | D:15     | Reached skill level 10 in Evocations
 33601 | D:15     | Found a runed translucent gate.
 33602 | D:15     | Found a runed translucent gate.
 33603 | D:15     | Found a runed translucent gate.
 33606 | D:15     | Noticed Sapheram's ghost (journeyman DsGl)
 33725 | D:15     | Reached skill level 15 in Dodging
 34144 | D:14     | Killed Agnes
 34171 | D:15     | Found a staircase to the Depths.
 34290 | D:15     | Reached skill level 15 in Maces & Flails
 34639 | D:15     | Killed Sapheram's ghost
 34907 | D:15     | Identified the +1 hat "Rotemo" {Str+6 Dex+3}
 35128 | Swamp:1  | Entered Level 1 of the Swamp
 35129 | Swamp:1  | Upgraded the game from 0.28-a0-556-gab23d0e057 to
                  | 0.28-a0-563-gf77a47075d
 35361 | Swamp:1  | Reached XP level 18. HP: 150/166 MP: 17/17
 35460 | Swamp:1  | Received a gift from Trog
 36497 | Swamp:2  | Noticed a tentacled monstrosity
 36507 | Swamp:2  | Killed a tentacled monstrosity
 37315 | Swamp:2  | Found a transporter.
 37317 | Swamp:2  | Noticed rogsnak's ghost (adept GnWz)
 37345 | Swamp:2  | Found a transporter.
 37623 | Swamp:2  | Reached skill level 16 in Dodging
 38606 | Swamp:2  | Killed rogsnak's ghost
 39716 | Swamp:4  | Entered Level 4 of the Swamp
 41683 | Swamp:4  | Paralysed by a fenstrider witch for 4 turns
 41921 | Swamp:4  | Reached skill level 17 in Dodging
 42066 | Swamp:4  | Found a runed translucent door.
 42066 | Swamp:4  | Noticed Kystohoc's ghost (journeyman GnFE)
 42626 | Swamp:4  | Killed Kystohoc's ghost
 43651 | Swamp:4  | Got a decaying rune of Zot
 43795 | Spider:1 | Entered Level 1 of the Spider Nest
 44547 | Spider:1 | Reached ****** piety under Trog
 44559 | Spider:1 | Reached XP level 19. HP: 177/177 MP: 18/18
 44832 | Spider:1 | Found a hide-covered altar of Uskayaw.
 45070 | Spider:2 | Noticed Aviun's ghost (adept SpEn)
 45070 | Spider:2 | Found a transporter.
 45079 | Spider:2 | Received a gift from Trog
 45676 | Spider:2 | Found a transporter.
 46288 | D:15     | You paid a toll of a +5 demon whip to enter a treasure
                  | trove
 46289 | Trove    | Entered a treasure trove
 46293 | Trove    | Identified the ring of Jiarou {rF+ Int+6}
 46295 | Trove    | Identified the ring of Lemmezoh {rPois rN+ Str-5 Dex+6
                  | Stlth+}
 46296 | Trove    | Identified the amulet "Laeduo" {Contam rPois Regen+ Str+2
                  | Dex+3}
 46299 | Trove    | Identified the amulet "Tinegal" {Faith Int+2 SInv}
 46307 | Trove    | Identified the amulet of Vuluopau {Reflect rF+ Will+ SH+5}
 46312 | Trove    | Identified the ring of Yendor {rC++ MP+9}
 46313 | Trove    | Identified the amulet of Xaneolli {Faith rF- MP+9 Int+4}
 46315 | Trove    | Identified the amulet of Locyunle {Faith Will- Regen+
                  | rCorr}
 46588 | Orc:2    | Bought a scroll of teleportation for 33 gold pieces
 46588 | Orc:2    | Bought a scroll of enchant weapon for 82 gold pieces
 46588 | Orc:2    | Bought a scroll of teleportation for 33 gold pieces
 46588 | Orc:2    | Bought a scroll of teleportation for 33 gold pieces
 46588 | Orc:2    | Bought a scroll of teleportation for 33 gold pieces
 46588 | Orc:2    | Bought a scroll of enchant weapon for 82 gold pieces
 46956 | Spider:2 | Reached skill level 18 in Dodging
 46986 | Spider:2 | Killed Aviun's ghost
 47282 | Spider:3 | Noticed Mara
 47294 | Spider:3 | Noticed siradein's illusion
 47335 | Spider:3 | Killed from afar by Mara (illusionary)

Illustrated notes

Levels and vault maps discovered:
D:1:      elethiomel_arrival_quiet, layout_basic,
          chequers_ecumenical_altar_simple
D:2:      layout_basic, amcnicky_mini_corridor_feature,
          chequers_serial_rivers_room_b, minmay_misc_feat_four_crosses,
          minmay_pentomino_u4, uniq_crazy_yiuf_cottage
D:3:      layout_basic, uniq_robin
D:4:      layout_gridville
D:5:      layout_cave_pools, uniq_ijyb
D:6:      layout_basic, minmay_temple_entry_fiery
D:7:      layout_basic, amcnicky_altar_gilded, serial_shops,
          nicolae_shop_crystal, chequers_serial_rivers_large_a
D:8:      layout_loops_ring, gup_ossuary_entry_pyramid, nicolae_benzene_ring,
          uniq_gastronok, uniq_joseph, uniq_prince_ribbit1
D:9:      layout_rooms
D:10:     layout_small_grid, david_orc_5, enter_bailey_3, uniq_maggie,
          uniq_urug, uniq_nergalle
D:11:     layout_layer_cave, dpeg_oklobed_lair, hangedman_decor_peaks_small,
          serial_bayou_pond_c
D:12:     layout_basic, uniq_nessos, uniq_fannar
D:13:     layout_gridville, special_room [special_room_orc]
D:14:     layout_layer_cave, ximxim_vaults_locker_room, kennysheep_boxes,
          gauntlet_entry_generic, portal_ice_cave_entry_ugly_swarm, uniq_louise,
          uniq_agnes
D:15:     gammafunk_depths_entry_grave, layout_stronghold,
          nicolae_trove_entry_diagonal, gammafunk_ghost_tricky_traps,
          minmay_crystal_water, nzn_life_drinkers, uniq_kirke
Lair:1:   layout_cave_pods, gammafunk_ghost_split
Lair:2:   layout_regular_city, spider_nest_entry_funnel_web,
          nzn_masters_of_martial_movement, grunt_megastairs_3
Lair:3:   layout_regular_city, basic_altar
Lair:4:   layout_regular_city, swamp_mist
Lair:5:   layout_cave_pods, fungi_pond_lemuel
Lair:6:   minmay_lair_end_frog_pond, layout_regular_city,
          minmay_slime_entry_oklob_enclosed, hangedman_lair_unloving_vines
Swamp:1:  layout_falls_marsh, evilmike_swamp_ruin_house_2, swamp_pool3,
          cheibrodos_swamp_pet_leeches
Swamp:2:  layout_falls_marsh, gammafunk_ghost_mausoleum,
          nicolae_swamp_ascending_descending_big, grunt_hermit_hut
Swamp:3:  layout_falls_marsh, evilmike_swamp_ruin_house_3, swamp_pool1
Swamp:4:  swamp_fiery, layout_basic_swamp, ebering_ghost_inner_flame,
          swamp_pool2, nicolae_swamp_super_fun_site
Spider:1: spiders_nest_a, nicolae_spider_altar_of_dancing
Spider:2: layout_spider_delve, gammafunk_ghost_arena, drop_trap
Spider:3: layout_chambers, hangedman_spider_tarantella_strand, uniq_mara,
          uniq_arachne
Orc:1:    layout_diamond_mine, serial_shops, nicolae_shop_statue_plus,
          minmay_orc_keep
Orc:2:    st_orc_ogre_mass, layout_diamond_mine

Skill      XL: |  1  2  3  4  5  6  7  8  9 10 11 12 13 14 15 16 17 18 19 |
---------------+----------------------------------------------------------+-----
Throwing       | 1 2 3 5 6 7 8 9 10 11 12 13 14 | 14.6
Fighting       | 4 5 6 7 8 9 10 12 13 14 16 17 | 17.5
Maces & Flails | 4 5 6 7 8 9 10 12 13 14 15 16 | 16.7
Armour         | 3 4 5 6 8 9 10 11 12 14 15 17 | 17.4
Dodging        | 3 4 5 6 7 8 9 10 11 13 15 17 18 | 18.1
Evocations     | 1 4 5 7 8 9 10 11 | 11.9

Action                   |  1- 3 |  4- 6 |  7- 9 | 10-12 | 13-15 | 16-18 | 19-21 || total
-------------------------+-------+-------+-------+-------+-------+-------+-------++-------
Melee: Mace              |    68 |   130 |    48 |       |       |       |       ||   246
       Headbutt          |    15 |    13 |    61 |   213 |   215 |   342 |    67 ||   926
       Flail             |       |       |   172 |     3 |       |       |       ||   175
       Dire flail        |       |       |       |   573 |   114 |       |       ||   687
       Lajatang          |       |       |       |       |   598 |   250 |       ||   848
       Morningstar       |       |       |       |       |    76 |       |       ||    76
       Great mace        |       |       |       |       |       |   989 |   252 ||  1241
       Unarmed           |       |       |       |       |       |     1 |       ||     1
Throw: Dart              |       |     5 |     1 |    16 |       |     5 |       ||    27
       Stone             |       |     4 |       |    42 |     7 |       |       ||    53
       Boomerang         |       |       |       |       |       |    69 |    51 ||   120
Invok: Berserk           |       |     3 |     3 |    11 |     6 |     7 |     1 ||    31
       Trog's Hand       |       |     1 |     1 |     8 |    10 |    19 |     2 ||    41
       Brothers in Arms  |       |       |       |       |       |     1 |       ||     1
  Use: Scroll            |       |       |    11 |     7 |     3 |    18 |     5 ||    44
       Potion            |       |       |       |       |     2 |       |       ||     2
 Stab: Distracted        |       |       |       |       |       |     2 |       ||     2
Armor: Animal skin       |    10 |       |       |       |       |       |       ||    10
       Ring mail         |     3 |    19 |       |       |       |       |       ||    22
       Scale mail        |       |    38 |    34 |       |       |       |       ||    72
       Chain mail        |       |       |    10 |   125 |   225 |       |       ||   360
       Skin              |       |       |     3 |       |       |       |       ||     3
       Plate armour      |       |       |       |    15 |       |       |       ||    15
       Crystal plate arm |       |       |       |       |   204 |  1356 |   295 ||  1855
Dodge: Dodged            |    40 |    82 |   142 |   438 |   727 |  1087 |   314 ||  2830

Table legend: (Time is in decaauts)
 A = Elapsed time spent in this place.
 B = Non-inter-level travel time spent in this place.
 C = Inter-level travel time spent in this place.
 D = Time resting spent in this place.
 E = Time spent auto-exploring this place.
 F = Levels seen in this place.
 G = Mean time per level.
                   A        B        C        D        E       F      G
               +--------+--------+--------+--------+--------+-----+--------+
         Total |  47833 |  44266 |   3567 |   7627 |  28160 |  34 | 1406.9 |
       Dungeon |  21631 |  19995 |   1636 |   3067 |  13287 |  15 | 1442.1 |
          Lair |  11150 |   9869 |   1281 |   1268 |   7100 |   6 | 1858.3 |
         Swamp |   8270 |   7976 |    294 |   2281 |   4357 |   4 | 2067.5 |
   Spider Nest |   2716 |   2532 |    184 |     45 |   1675 |   3 |  905.3 |
  Orcish Mines |   2724 |   2554 |    170 |    636 |   1283 |   2 | 1362.0 |
         Trove |    110 |    110 |      0 |      0 |      0 |   1 |  110.0 |
       Ossuary |    343 |    343 |      0 |      0 |    229 |   1 |  343.0 |
        Bailey |    341 |    341 |      0 |     18 |    214 |   1 |  341.0 |
      Gauntlet |    545 |    545 |      0 |    311 |     13 |   1 |  545.0 |
               +--------+--------+--------+--------+--------+-----+--------+

Top non-repeatable levels by time:
  Lair:6: 2718 daAuts
 Swamp:2: 2561 daAuts
    D:11: 2246 daAuts
 Swamp:3: 2246 daAuts
    D:10: 2132 daAuts
 Swamp:4: 2122 daAuts
    D:14: 2061 daAuts
  Lair:3: 2004 daAuts
    D:15: 1876 daAuts
   Orc:2: 1856 daAuts
  Lair:4: 1761 daAuts
  Lair:1: 1748 daAuts
  Lair:2: 1579 daAuts
    D:12: 1558 daAuts
     D:7: 1475 daAuts
